 Dungeon Crawl Stone Soup version 0.24-a0-715-g0b739ee41d (webtiles) character file.

Game seed: 10241175213373214336, levelgen mode: deterministic

9106 DevastatorOne the Magus (level 11, -5/120 HPs)
             Began as a Demonspawn Fighter on Sept 30, 2019.
             Was an Elder of Nemelex Xobeh.
             Slain by a killer bee (11 damage)
             ... in a Gauntlet.
             The game lasted 00:31:05 (12211 turns).

DevastatorOne the Magus (Demonspawn Fighter)       Turns: 12211, Time: 00:31:05

Health: -5/120     AC: 25    Str: 19    XL:     11   Next: 18%
Magic:  20/20      EV:  2    Int: 10    God:    Nemelex Xobeh [****..]
Gold:   577        SH:  9    Dex: 13    Spells: 10/10 levels left

rFire    + . .     SeeInvis .   a - +0 broad axe
rCold    + . .     Gourm    .   c - +0 shield
rNeg     + + +     Faith    +   (armour currently unavailable)
rPois    +         Spirit   .   (helmet currently unavailable)
rElec    .         Reflect  .   (cloak currently unavailable)
rCorr    .         Harm     .   (gloves currently unavailable)
MR       .....     NoTele   +   (boots currently unavailable)
Stlth    +.........             t - amulet of faith
HPRegen  0.30/turn              A - ring of protection from cold
MPRegen  0.17/turn              w - ring of protection from fire

@: lethally poisoned (-5 -> -12), tree-form
A: powered by pain 3
a: Draw Escape, Draw Destruction, Draw Summoning, Triple Draw, Deal Four,
Renounce Religion


You were in a Gauntlet.
You worshipped Nemelex Xobeh.
Nemelex Xobeh was greatly pleased with you.
You were very hungry.
You were a tree.
You visited 2 branches of the dungeon, and saw 12 of its levels.
You also visited: Gauntlet.

You collected 758 gold pieces.
You spent 181 gold pieces at shops.

Inventory:

Hand Weapons
 a - a +0 broad axe (weapon)
 b - a +2 flail of protection
Missiles
 l - 15 poisoned darts (quivered)
Armour
 c - a +0 shield (worn)
 h - a +0 cloak
 z - a +1 helmet (melded)
 B - a +2 cloak of invisibility (melded)
 C - +0 steam dragon scales
 D - a +0 scale mail (melded)
Jewellery
 t - an amulet of faith (around neck)
 w - a ring of protection from fire (right branch)
 A - a ring of protection from cold (left branch)
Wands
 v - a wand of flame (14)
Scrolls
 e - 2 scrolls of blinking
 g - 3 scrolls of identify
 j - 9 scrolls of teleportation
 m - 2 scrolls of fear
 p - a scroll of amnesia {unknown}
 x - 3 scrolls of remove curse
 y - 2 scrolls of magic mapping
 E - a scroll of enchant weapon {unknown}
 G - a scroll of immolation {unknown}
Potions
 d - 4 potions of might
 i - 3 potions of agility
 k - 2 potions of ambrosia
 n - 4 potions of heal wounds
 o - 3 potions of lignification
 q - 3 potions of invisibility
 r - 4 potions of curing
 s - a potion of mutation
Miscellaneous
 u - a phial of floods
Comestibles
 f - 19 rations


   Skills:
 + Level 5.5 Fighting
 * Level 11.5 Axes
 - Level 2.6 Armour
 + Level 4.0 Dodging
 - Level 2.6 Shields
 + Level 12.9 Invocations


You had 10 spell levels left.
You didn't know any spells.
Your spell library contained the following spells:

 Spells                   Type           Power        Failure   Level  Hunger
 Summon Small Mammal      Summ           #...         88%         1    ##.....
 Call Imp                 Summ           #.......     95%         2    ###....
 Throw Flame              Conj/Fire      #.....       95%         2    ###....
 Call Canine Familiar     Summ           #.......     99%         3    ####...
 Summon Guardian Golem    Hex/Summ       #.......     99%         3    ####...
 Force Lance              Conj/Tloc      #.......     100%        4    #####..
 Petrify                  Tmut/Erth      #.......     100%        4    #####..
 Summon Ice Beast         Ice/Summ       #.......     100%        4    #####..
 Summon Lightning Spire   Summ/Air       #.......     100%        4    #####..
 Bolt of Draining         Conj/Necr      #.........   100%        5    ######.
 Bolt of Magma            Conj/Fire/Erth #.........   100%        5    ######.


Dungeon Overview and Level Annotations

Branches:
Dungeon (11/15)            Temple (1/1) D:5             Orc (0/2) D:10
Gauntlet (1/1)
   Lair: D:8-11

Altars:
Ashenzari
Cheibriados
Dithmenos
Elyvilon
Fedhas
Gozag
Hepliaklqana
Kikubaaqudgha
Makhleb
Nemelex Xobeh
Okawaru
Qazlal
Ru
Sif Muna
Trog
Uskayaw
Vehumet
Wu Jian
Xom
Yredelemnul
Zin
The Shining One
Beogh

Shops:
D:4 ?

Annotations:
D:5 3 runed translucent doors, MisterOstroum's ghost, novice HuEn Gauntlet 11 transporters, exclusion: orange crystal statue


Innate Abilities, Weirdness & Mutations

((You have hoof-like feet.))
((You are completely covered in thin metallic scales. (AC +4, rElec)))
You are powered by pain.


Message History

The killer bee is almost dead.
You feel sick.
The killer bee stings you but does no damage.
You block the killer bee's attack. The killer bee stings you!
* * * LOW HITPOINT WARNING * * *
The killer bee rages.
You block the killer bee's attack.
You barely miss the killer bee.
The killer bee is almost dead.
The killer bee stings you but does no damage. x3
You miss the killer bee.
The killer bee is almost dead.
You feel sick. The killer bee stings you.
* * * LOW HITPOINT WARNING * * *
You are lethally poisoned!
The killer bee poisons you!
The killer bee stings you but does no damage.
The killer bee stings you!
You die...
Your body glows slightly and disappears.

#≈≈.###################.######
##≈....#©....©....©#.......#©.
##..♣.#############..P♣P..###
##≈.P....#./#©#..#...PPPP....#
#≈≈....♣.#).#.#..#...#≈#≈#P..#
##≈.PPP..###''†..#..P≈≈≈≈≈...#
##....♣.#...y#..#.♣.#≈#≈#P♣.#
#≈..P..#.##y#..#.P.≈≈≈≈≈PP.#
#≈≈..♣.#.##♣#..#..P#≈#≈#...#
####...#...©#..#...........#
#≈..#####################
#≈≈....#©.........©......
####...##################
#≈.........#.##©##.#..
#≈≈..♣...♣.#.#..#..#.♣
####..PP.P.##.##.###.P
#≈..♣PP.#..#©.#.#.P


You could see 2 killer bees.

Vanquished Creatures
  2 two-headed ogres
  An unseen horror (D:9)
  A wizard (Gauntlet)
  An ugly thing (D:11)
  A gargoyle (D:10)
  A queen bee (Gauntlet)
  A troll (D:9)
  2 hippogriffs
  2 wyverns
  A steam dragon (D:10)
  A soldier ant (D:7)
  A hornet zombie (D:11)
  A swamp drake (D:10)
  3 ice beasts
  An orc warrior (D:8)
  A sky beast (D:7)
  2 black bears
  2 eyes of draining (D:10)
  4 ogres
  2 crocodiles (D:10)
  5 centaurs
  2 big kobolds
  10 bullfrogs
  A wyvern zombie (D:6)
  A wyvern skeleton (D:8)
  3 scorpions
  3 wights (D:10)
  A howler monkey (D:9)
  6 killer bees
  4 crimson imps
  3 jellies
  A quasit (D:9)
  4 hounds
  A human zombie (D:5)
  A centaur skeleton (D:5)
  4 orc priests
  A bullfrog skeleton (D:6)
  5 iguanas
  6 orc wizards
  13 worker ants
  2 hound skeletons (D:7)
  3 gnolls (D:5)
  10 adders
  5 shadow imps
  A white imp (Gauntlet)
  7 oozes
  2 adder zombies
  2 adder skeletons
  A worm (D:2)
  2 dart slugs (D:1)
  2 leopard geckos
  38 orcs
  10 bats
  8 giant cockroaches
  7 goblins
  3 hobgoblins
  6 jackals
  17 kobolds
  6 quokkas
  A ball python (D:1)
  2 frilled lizards
  7 rats
248 creatures vanquished.

Vanquished Creatures (collateral kills)
  A vampire (D:10)
  An ogre (D:10)
  3 orcs
5 creatures vanquished.

Vanquished Creatures (others)
  An orc (D:10)
  A quokka (D:10)
2 creatures vanquished.

Grand Total: 255 creatures vanquished

Notes
Turn   | Place    | Note
-------+----------+-------------------------------------------
     0 | D:1      | DevastatorOne the Demonspawn Fighter began the quest for
                  | the Orb.
     0 | D:1      | Reached XP level 1. HP: 18/18 MP: 1/1
   159 | D:1      | Gained mutation: You have large cloven feet. [demonic
                  | ancestry]
   159 | D:1      | Reached XP level 2. HP: 24/24 MP: 2/2
   608 | D:1      | Gained mutation: You are partially covered in thin metallic
                  | scales. (AC +2) [demonic ancestry]
   608 | D:1      | Reached XP level 3. HP: 29/29 MP: 3/3
  1610 | D:2      | Found a faded altar of an unknown god.
  1859 | D:2      | Reached XP level 4. HP: 22/35 MP: 4/4
  2653 | D:3      | Gained mutation: You sometimes gain a little power by
                  | taking damage. [demonic ancestry]
  2653 | D:3      | Reached XP level 5. HP: 37/41 MP: 5/5
  2966 | D:4      | Reached skill level 5 in Axes
  3059 | D:4      | Noticed a hippogriff
  3068 | D:5      | Entered Level 5 of the Dungeon
  3160 | D:5      | Found a staircase to the Ecumenical Temple.
  3166 | Temple   | Entered the Ecumenical Temple
  3217 | Temple   | Became a worshipper of Nemelex Xobeh the Trickster
  3263 | D:5      | Reached skill level 1 in Invocations
  3437 | D:5      | Gained mutation: You are mostly covered in thin metallic
                  | scales. (AC +3) [demonic ancestry]
  3437 | D:5      | Reached XP level 6. HP: 40/47 MP: 7/7
  3449 | D:5      | Reached skill level 2 in Invocations
  3548 | D:5      | Received a gift from Nemelex Xobeh
  3711 | D:5      | Found a runed translucent gate.
  3729 | D:5      | Found a runed translucent gate.
  3729 | D:5      | Found a runed translucent gate.
  3732 | D:5      | Noticed MisterOstroum's ghost (novice HuEn)
  3735 | D:5      | Found a roughly hewn altar of Beogh.
  3861 | D:5      | Reached skill level 3 in Invocations
  4073 | D:5      | Reached skill level 4 in Invocations
  4093 | D:5      | Reached XP level 7. HP: 48/52 MP: 10/10
  4250 | D:6      | Found an iron altar of Okawaru.
  4369 | D:6      | Reached * piety under Nemelex Xobeh
  4412 | D:6      | Reached skill level 5 in Invocations
  5334 | D:4      | Received a gift from Nemelex Xobeh
  5345 | D:4      | Found Heitz's Magic Scroll Shop.
  5387 | D:4      | Bought a scroll of teleportation for 39 gold pieces
  5387 | D:4      | Bought a scroll of fear for 45 gold pieces
  5387 | D:4      | Bought a scroll of blinking for 97 gold pieces
  5486 | D:4      | Reached skill level 6 in Invocations
  6105 | D:4      | Killed a hippogriff
  6105 | D:4      | Reached skill level 7 in Invocations
  6105 | D:4      | Gained mutation: You have hoof-like feet. [demonic
                  | ancestry]
  6105 | D:4      | Reached XP level 8. HP: 49/58 MP: 11/13
  6391 | D:7      | Noticed Joseph
  6392 | D:7      | Noticed Joseph
  6392 | D:7      | Joseph changed into Joseph the soldier ant
  6396 | D:7      | Killed Joseph the soldier ant
  6696 | D:7      | Reached ** piety under Nemelex Xobeh
  6827 | D:7      | Reached skill level 8 in Invocations
  6838 | D:7      | Received a gift from Nemelex Xobeh
  7147 | D:7      | Reached skill level 9 in Invocations
  7220 | D:7      | Gained mutation: You are completely covered in thin
                  | metallic scales. (AC +4, rElec) [demonic ancestry]
  7220 | D:7      | Reached XP level 9. HP: 50/63 MP: 16/16
  7486 | D:8      | Received a gift from Nemelex Xobeh
  7546 | D:8      | Found a blossoming altar of Fedhas.
  7727 | D:8      | Reached skill level 10 in Invocations
  8064 | D:8      | Noticed a two-headed ogre
  8067 | D:8      | Killed a two-headed ogre
  8067 | D:8      | Reached skill level 11 in Invocations
  8096 | D:8      | HP: 1/63 [acid (9)]
  8568 | D:8      | Reached *** piety under Nemelex Xobeh
  8733 | D:9      | Noticed a troll
  8770 | D:9      | Killed a troll
  8770 | D:9      | Reached skill level 10 in Axes
  8880 | D:9      | Received a gift from Nemelex Xobeh
  8923 | D:9      | Gained mutation: You sometimes gain power by taking damage.
                  | [demonic ancestry]
  8923 | D:9      | Reached XP level 10. HP: 46/70 MP: 18/18
  9244 | D:9      | Killed an unseen horror
  9244 | D:9      | Reached skill level 1 in Dodging
 10049 | D:9      | Reached skill level 12 in Invocations
 10222 | D:9      | Found a glowing golden altar of the Shining One.
 10307 | D:10     | Entered Level 10 of the Dungeon
 11085 | D:10     | Found a staircase to the Orcish Mines.
 11091 | D:10     | Noticed a gargoyle
 11101 | D:10     | Killed a gargoyle
 11109 | D:10     | HP: 3/73 [hippogriff (2)]
 11495 | D:11     | Noticed a brown ugly thing
 11495 | D:11     | Noticed a two-headed ogre
 11608 | D:11     | Noticed a white ugly thing
 11621 | D:11     | Killed a white ugly thing
 11621 | D:11     | Reached skill level 5 in Fighting
 11743 | D:11     | Reached **** piety under Nemelex Xobeh
 11743 | D:11     | Received a gift from Nemelex Xobeh
 11781 | D:11     | Noticed a two-headed ogre
 11788 | D:11     | Killed a two-headed ogre
 11788 | D:11     | Gained mutation: You are powered by pain. [demonic
                  | ancestry]
 11788 | D:11     | Reached XP level 11. HP: 52/80 MP: 20/20
 11794 | D:11     | Found a gate leading to a gauntlet.
 11803 | Gauntlet | Entered a Gauntlet
 11803 | Gauntlet | Found a transporter.
 11803 | Gauntlet | Noticed a wizard
 11811 | Gauntlet | Found a transporter.
 11813 | Gauntlet | Found a transporter.
 11821 | Gauntlet | Found a transporter.
 11823 | Gauntlet | Found a transporter.
 11835 | Gauntlet | Found a transporter.
 11851 | Gauntlet | Found a transporter.
 11858 | Gauntlet | Found a transporter.
 11868 | Gauntlet | Found a transporter.
 11869 | Gauntlet | Noticed an orange crystal statue
 11882 | Gauntlet | Found a transporter.
 11891 | Gauntlet | Found a runed translucent gate.
 11892 | Gauntlet | Found a runed translucent gate.
 11892 | Gauntlet | Found a transporter.
 11892 | Gauntlet | Found a transporter.
 11893 | Gauntlet | Found a runed translucent gate.
 11933 | Gauntlet | Noticed a wretched star
 11948 | Gauntlet | Found a transporter.
 11948 | Gauntlet | Found a transporter.
 11950 | Gauntlet | Noticed a death scarab
 11955 | Gauntlet | Noticed a blizzard demon
 12146 | Gauntlet | Killed a wizard
 12152 | Gauntlet | Identified the Catalogue of Excruciating Shape Shifting
 12211 | Gauntlet | HP: 6/120 [killer bee (1)]
 12211 | Gauntlet | Slain by a killer bee

Levels and vault maps discovered:
D:1:      onia_arrival_mini_spirals, layout_basic
D:2:      layout_basic, chequers_ecumenical_altar_simple, minmay_pentomino_z2
D:3:      layout_basic, first_ration
D:4:      layout_basic, serial_shops, shop
D:5:      layout_basic, minmay_temple_entry_ruins, enter_ossuary_3,
          biasface_ghost_orc_armoury
D:6:      layout_loops_ring, okawaru_metal_pillars_1_2
D:7:      layout_loops_corners, uniq_joseph
D:8:      layout_basic, hangedman_little_slice_of_home, fedhas_altar_2
D:9:      layout_roguey, tso_altar
D:10:     layout_loops_ring, erik_orc_1, kennysheep_generic_room_10
D:11:     layout_rooms, lair_entry_dummy, gauntlet_entry_generic, serial_shops,
          shop, hangedman_decor_riveting, hangedman_abyss_or_decor_stagger
Temple:   kilobyte_greek_temple
Gauntlet: minmay_gauntlet_77_tree [minmay_gauntlet_arena_77_tiled_triplets,
          minmay_gauntlet_arena_77_run_for_it,
          minmay_gauntlet_arena_77_terracotta_army,
          minmay_gauntlet_arena_77_braids, minmay_gauntlet_arena_77_mess,
          minmay_gauntlet_arena_77_radiant_squares,
          minmay_gauntlet_arena_77_chump_sandwich, gauntlet_exit_watery]

Skill      XL: |  1  2  3  4  5  6  7  8  9 10 11 |
---------------+----------------------------------+-----
Axes           | 2 3 4 5 6 7 8 10 11 | 11.5
Invocations    | 1 4 7 9 11 12 | 12.9
Dodging        | 3 4 |  4.0
Fighting       | 5 |  5.5
Armour         | |  2.6
Shields        | |  2.6

Action                   |  1- 3 |  4- 6 |  7- 9 | 10-12 || total
-------------------------+-------+-------+-------+-------++-------
Melee: War axe           |   138 |   189 |   323 |       ||   650
       Kick              |    19 |    44 |   109 |    73 ||   245
       Broad axe         |       |       |     5 |   265 ||   270
       Flail             |       |       |     5 |       ||     5
 Abil: Draw Destruction  |       |       |     7 |     7 ||    14
       Draw Escape       |       |       |     1 |     5 ||     6
       Draw Summoning    |       |       |       |     1 ||     1
Evoke: Wand              |       |     2 |       |     1 ||     3
  Use: Scroll            |       |       |       |     9 ||     9
       Potion            |       |       |       |     1 ||     1
  Eat: Chunk             |     3 |     6 |    14 |     6 ||    29
       Ration            |       |       |     1 |     1 ||     2
Armor: Scale mail        |    92 |    88 |   184 |   166 ||   530
       Skin              |       |       |       |    15 ||    15
Dodge: Dodged            |    58 |    38 |    90 |   129 ||   315
Block: Shield            |    74 |    73 |   145 |   145 ||   437

Table legend:
 A = Non-vault XP
 B = Vault XP
 C = Vault XP percentage of total XP
 D = Non-vault monster count
 E = Vault monster count
 F = Vault count percentage of total count
                 A         B        C        D         E       F
            +---------+---------+-------+---------+---------+-------
      Total |   10850 |    2159 |  16.6 |     218 |      37 |  14.5
            +---------+---------+-------+---------+---------+-------
        D:1 |      48 |       0 |   0.0 |      29 |       0 |   0.0
        D:2 |      59 |       2 |   3.3 |      14 |       1 |   6.7
        D:3 |      91 |       0 |   0.0 |      23 |       0 |   0.0
        D:4 |     714 |       0 |   0.0 |      19 |       0 |   0.0
        D:5 |     391 |      43 |   9.9 |      16 |       1 |   5.9
        D:6 |     292 |       0 |   0.0 |      12 |       0 |   0.0
        D:7 |    1136 |     157 |  12.1 |      20 |       1 |   4.8
        D:8 |    1819 |     120 |   6.2 |      15 |       7 |  31.8
        D:9 |    1711 |      64 |   3.6 |      25 |       1 |   3.8
       D:10 |    2623 |     529 |  16.8 |      25 |      18 |  41.9
       D:11 |    1966 |       0 |   0.0 |      20 |       0 |   0.0
   Gauntlet |       0 |    1244 | 100.0 |       0 |       8 | 100.0
            +---------+---------+-------+---------+---------+-------
